AoeStats
← Icarus13138

Arena

505982187Analyzed
1v1 RM · 21d ago on Sep 11, 2026· 25m 22s· 2 players
Game mode
Random Map
Map size
Tiny (2 player)
Population
200
Speed
Normal
Resources
Standard
Victory
Conquest
Starting age
Dark Age
Ending age
Imperial Age
RankedLock teamsTeams togetherTeam positionsShared explorationLock speedFull tech treeHidden civsTurbo modeCheats
Victory
Defeat
🇺🇾 Romans · Uruguay
589
+10
🇫🇷 Tatars · France
458
-10
Icarus13138
6:00 Loom
11:59 Feudal Age
12:35 Double-Bit Axe
12:34 Horse Collar
22:41 Castle Age
21:40 Gold Mining
21:43 Fletching
23:38 Bodkin Arrow
25:04 Ballistics
24:40 Murder Holes
25:00 Heavy Plow
dr selalastra
5:49 Loom
10:26 Feudal Age
11:51 Double-Bit Axe
17:56 Castle Age
17:44 Fletching
19:38 Wheelbarrow
20:10 Town Watch
Connection lost

Rejoining the realm…

Still unreachable

The connection could not be restored.

Session expired

The server has moved on; the page needs a fresh start.